 Dungeon Crawl Stone Soup version 0.27.1-3-gb3d3a73c9e (webtiles) character file.

Game seed: 12183845497212158849

3373 Atelerd the Destroyer (level 10, -1/57 HPs)
             Began as an Octopode Hedge Wizard on Oct 11, 2021.
             Was a Believer of Sif Muna.
             Slain by SkiLLzEr0's ghost (8 damage)
             ... on level 4 of the Dungeon.
             The game lasted 00:19:39 (11127 turns).

Atelerd the Destroyer (Octopode Hedge Wizard)      Turns: 11127, Time: 00:19:40

Health: -1/57      AC: 11    Str: 12    XL:     10   Next: 3%
Magic:  19/31      EV: 13    Int: 21    God:    Sif Muna [**....]
Gold:   336        SH:  0    Dex: 17    Spells: 15/25 levels left

rFire    . . .     SeeInvis .   s - +1 short sword (speed)
rCold    . . .     Faith    .   (no shield)
rNeg     . . .     Spirit   .   g - +2 hat
rPois    .         Reflect  .   (no amulet)
rElec    .         Harm     .   h - +6 ring of dexterity
rCorr    .         Rampage  .   o - ring "Hiaduy" {Will+ MP+9 Str+3}
Will     +....                  p - +4 ring of protection
Stlth    +++++.....             t - +4 ring of protection
HPRegen  0.19/turn              (no ring)
MPRegen  0.22/turn              (no ring)
                                (no ring)
                                (no ring)

@: about to teleport
A: almost no armour, amphibious, 8 rings, camouflage 1, gelatinous body 1,
(nimble swimmer 1), tentacles
a: Renounce Religion, Channel Magic


You were on level 4 of the Dungeon.
You worshipped Sif Muna.
Sif Muna was pleased with you.
You visited 2 branches of the dungeon, and saw 9 of its levels.

You collected 375 gold pieces.
You spent 39 gold pieces at shops.

Inventory:

Hand Weapons
 a - a +0 dagger
 s - a +1 short sword of speed (weapon)
Armour
 b - a +0 hat
 g - a +2 hat (worn)
Jewellery
 h - a +6 ring of dexterity (left tentacle)
 o - the ring "Hiaduy" (right tentacle) {Will+ MP+9 Str+3}
   (You found it on level 5 of the Dungeon)

   [ring of magical power]

   Str:       It affects your strength (+3).
   MP:        It affects your magic capacity (+9).
   Will:      It increases your willpower.
 p - a +4 ring of protection (on tentacle)
 t - a +4 ring of protection (on tentacle)
 u - a ring of fire
Wands
 j - a wand of paralysis (1)
 q - a wand of charming (3)
 w - a wand of flame (59)
Scrolls
 d - a scroll of enchant armour
 e - a scroll of identify
 l - a scroll of amnesia
 m - a scroll of teleportation
 v - a scroll of noise
Potions
 c - a potion of brilliance
 f - 2 potions of degeneration
 i - a potion of invisibility
 k - 3 potions of curing
 n - 2 potions of haste


   Skills:
 + Level 0.9 Fighting
 - Level 2.0 Short Blades
 + Level 2.2 Dodging
 - Level 8.0 Stealth
 + Level 8.4 Spellcasting
 + Level 8.7 Conjurations
 - Level 1.0 Summonings
 - Level 1.0 Translocations
 - Level 1.0 Air Magic
 * Level 1.1 Earth Magic
 - Level 2.0 Poison Magic
 + Level 0.9 Invocations


You had 15 spell levels left.
You knew the following spells:

 Your Spells              Type           Power      Damage    Failure   Level
a - Magic Dart            Conj           100%       1d8       1%          1
b - Mephitic Cloud        Conj/Pois/Air  25%        N/A       4%          3
c - Blink                 Tloc           N/A        N/A       8%          2
d - Leda's Liquefaction   Hex/Erth       5%         N/A       52%         4

Your spell library contained the following spells:

 Spells                   Type           Power      Damage    Failure   Level
 Searing Ray              Conj           90%        3d6       1%          2
 Conjure Flame            Conj/Fire      27%        6-21      3%          3
 Call Imp                 Summ           13%        N/A       8%          2
 Slow                     Hex            8%         N/A       12%         2
 Fulminant Prism          Conj/Hex       13%        3d9       13%         4
 Call Canine Familiar     Summ           13%        N/A       16%         3
 Portal Projectile        Hex/Tloc       20%        N/A       19%         3
 Summon Lightning Spire   Summ/Air       13%        N/A       45%         4
 Manifold Assault         Tloc           13%        N/A       80%         5
 Storm Form               Tmut/Air       5%         N/A       100%        7
 Maxwell's Capacitive Co  Air            6%         ∞         100%        8


Dungeon Overview and Level Annotations

Branches:
Dungeon (8/15)             Temple (1/1) D:7
   Lair: D:8-11

Altars:
Elyvilon
Fedhas
Hepliaklqana
Makhleb
Nemelex Xobeh
Qazlal
Ru
Sif Muna
Trog
Uskayaw
Vehumet
Xom
Yredelemnul
Zin

Shops:
D:5 *

Annotations:
D:4 SkiLLzEr0's ghost, amateur MiFi
D:7 exclusion: downstairs
D:8 Pikel


Innate Abilities, Weirdness & Mutations

You cannot wear most types of armour.
You are amphibious.
You can wear up to eight rings at the same time.
Your skin changes colour to match your surroundings (Stealth+).
Your rubbery body absorbs attacks. (AC +1, EV +1)
((You are camouflaged near water. (Stealth+)))
You have tentacles for arms and can constrict up to eight enemies at once.


Message History

Confirm with . or Enter, or press ? or * to list all spells.
Aiming: Magic Dart (safe; 1% risk of failure)
Press: ? - help, Shift-Dir - straight line, f/p - SkiLLzEr0's ghost
Aim: SkiLLzEr0's ghost (severely damaged, 100% to hit)
The magic dart hits SkiLLzEr0's ghost!
SkiLLzEr0's ghost is almost destroyed.
SkiLLzEr0's ghost hits you but does no damage.
Casting: Magic Dart (safe; 1% risk of failure)
Confirm with . or Enter, or press ? or * to list all spells.
Aiming: Magic Dart (safe; 1% risk of failure)
Press: ? - help, Shift-Dir - straight line, f/p - SkiLLzEr0's ghost
Aim: SkiLLzEr0's ghost (almost destroyed, 100% to hit)
The magic dart hits SkiLLzEr0's ghost but does no damage.
SkiLLzEr0's ghost is almost destroyed.
SkiLLzEr0's ghost hits you.
* * * LOW HITPOINT WARNING * * *
Casting: Magic Dart (safe; 1% risk of failure)
Confirm with . or Enter, or press ? or * to list all spells.
Aiming: Magic Dart (safe; 1% risk of failure)
Press: ? - help, Shift-Dir - straight line, f/p - SkiLLzEr0's ghost
Aim: SkiLLzEr0's ghost (almost destroyed, 100% to hit)
The magic dart hits SkiLLzEr0's ghost but does no damage.
SkiLLzEr0's ghost is almost destroyed.
SkiLLzEr0's ghost hits you!
* * * LOW HITPOINT WARNING * * *
SkiLLzEr0's ghost hits you.
* * * LOW HITPOINT WARNING * * *
Press: ? - help, v - describe, . - travel
Here: SkiLLzEr0's ghost (almost destroyed)
The floor.
Aiming: Paralyse
Press: ? - help, Shift-Dir - straight line, f/p - SkiLLzEr0's ghost
Aim: SkiLLzEr0's ghost (almost destroyed, chance to affect: 28%)
Okay, then.
As you read the scroll of teleportation, it crumbles to dust.
You feel strangely unstable.
You barely miss SkiLLzEr0's ghost. You squeeze SkiLLzEr0's ghost.
SkiLLzEr0's ghost is almost destroyed.
SkiLLzEr0's ghost hits you!
You die...

#.# #...........#
#.########.#######..#
#.......##......>...####
############.......(....
#.....#..........##
#?≈≈≈≈'...###...#.#
#.....#....##..###.
#######.........#.# #@#
##...##..#.## #W#
##.###..#.## #.# #.#
#..#... #.# #.###..####
#.# #.......... #.#
#####..#### #.# #..# #.#
#..# #.# #..#


You could see SkiLLzEr0's ghost.

Vanquished Creatures
  Eustachio (D:6)
  A steam dragon (D:7)
  A water moccasin (D:7)
  2 ice beasts (D:7)
  2 black bears (D:5)
  A sky beast (D:6)
  4 necrophages
  3 ogres
  4 centaurs (D:6)
  A bullfrog (D:6)
  A kobold brigand (D:6)
  A scorpion (D:6)
  A wyvern zombie (D:7)
  A gnoll sergeant (D:6)
  A wyvern skeleton (D:7)
  4 wights (D:6)
  A jelly (D:5)
  2 bullfrog zombies (D:6)
  4 hounds
  A centaur zombie (D:5)
  3 bullfrog skeletons
  A gnoll shaman (D:6)
  A human zombie (D:7)
  2 orc priests (D:6)
  5 iguanas
  3 orc wizards
  Natasha (thrice) (D:4)
  4 killer bee zombies
  2 hound skeletons
  A howler monkey zombie (D:5)
  4 mummies (D:7)
  7 gnolls (D:6)
  7 adders
  A howler monkey skeleton (D:6)
  A white imp (D:7)
  2 adder skeletons
  3 worms
  8 orcs
  6 ball pythons
  7 endoplasms
  2 giant cockroaches
  14 hobgoblins
  7 jackals
  2 quokkas
  2 bats (D:1)
  4 frilled lizards
  8 goblins
  9 kobolds
  2 rats
158 creatures vanquished.

Vanquished Creatures (others)
  41 plants (D:6)
41 creatures vanquished.

Grand Total: 199 creatures vanquished

Notes
Turn   | Place    | Note
-------+----------+-------------------------------------------
     0 | D:1      | Atelerd the Octopode Hedge Wizard began the quest for the
                  | Orb.
     0 | D:1      | Reached XP level 1. HP: 11/11 MP: 4/4
   266 | D:1      | Reached XP level 2. HP: 17/17 MP: 0/6
  1059 | D:1      | Reached XP level 3. HP: 17/21 MP: 4/7
  1063 | D:1      | Learned a level 3 spell: Mephitic Cloud
  1920 | D:2      | Reached skill level 1 in Poison Magic
  2282 | D:2      | Reached XP level 4. HP: 25/27 MP: 3/9
  2434 | D:2      | Reached skill level 1 in Air Magic
  2491 | D:2      | Found a faded altar of an unknown god.
  2491 | D:2      | Noticed a hell beast
  2532 | D:2      | Learned a level 2 spell: Blink
  3769 | D:2      | Reached XP level 5. HP: 17/31 MP: 5/10
  4734 | D:4      | Noticed an ogre
  4755 | D:4      | Killed an ogre
  4756 | D:4      | Reached skill level 5 in Stealth
  4756 | D:4      | Reached XP level 6. HP: 28/36 MP: 2/12
  5278 | D:4      | Found a runed translucent door.
  5283 | D:4      | Noticed SkiLLzEr0's ghost (amateur MiFi)
  5364 | D:4      | Noticed Natasha
  5371 | D:4      | Killed Natasha
  5553 | D:4      | Noticed Natasha
  5587 | D:4      | Found a sacrificial altar of Ru.
  5613 | D:4      | Killed Natasha
  5614 | D:4      | Reached skill level 1 in Short Blades
  5730 | D:5      | Entered Level 5 of the Dungeon
  5892 | D:5      | Noticed a black bear
  5929 | D:5      | Killed a black bear
  5930 | D:5      | Reached XP level 7. HP: 16/41 MP: 1/14
  6134 | D:5      | Identified the ring "Hiaduy" {Will+ MP+9 Str+3}
  6292 | D:5      | Reached skill level 5 in Spellcasting
  6708 | D:6      | Reached skill level 5 in Conjurations
  6807 | D:6      | Reached XP level 8. HP: 39/46 MP: 16/16
  7086 | D:8      | Noticed Pikel
  7086 | D:8      | Noticed a yak
  7086 | D:8      | Noticed a yak
  7086 | D:8      | Noticed a yak
  7086 | D:8      | Noticed a yak
  7086 | D:8      | Noticed a yak
  7312 | D:7      | Found a staircase to the Ecumenical Temple.
  7345 | Temple   | Entered the Ecumenical Temple
  7509 | Temple   | Became a worshipper of Sif Muna the Loreminder
  7917 | D:7      | Reached XP level 9. HP: 48/51 MP: 18/18
  8136 | D:7      | Found a basalt altar of Yredelemnul.
  8373 | D:6      | Reached * piety under Sif Muna
  9324 | D:6      | Noticed Eustachio
  9338 | D:6      | Killed Eustachio
 10007 | D:6      | Found a stormy altar of Qazlal.
 10450 | D:6      | Learned a level 4 spell: Leda's Liquefaction
 10735 | D:5      | Reached skill level 1 in Earth Magic
 10735 | D:5      | Reached XP level 10. HP: 48/57 MP: 22/22
 10737 | D:5      | Reached ** piety under Sif Muna
 10817 | D:5      | Found Soshrezaa's General Store.
 10840 | D:5      | Bought a potion of curing for 39 gold pieces
 10940 | D:4      | Noticed Natasha
 10950 | D:4      | Killed Natasha
 11088 | D:4      | HP: 2/57 [SkiLLzEr0's ghost (14)]
 11127 | D:4      | Slain by SkiLLzEr0's ghost

Illustrated notes

Levels and vault maps discovered:
D:1:      dpeg_arrival_tiny_h, layout_loops_ring
D:2:      layout_rooms, dreamdust_ecumenical_altar_sealed_demon
D:3:      layout_rooms, hex_tiny
D:4:      layout_loops_ring, nicolae_overflow_hidden_temple,
          ebering_ghost_reflecting_pool, uniq_natasha
D:5:      layout_cave_pools, serial_glass, glass_columns_c, glass_columns_b,
          glass_columns_a, glass_columns_c, glass_columns_a, glass_columns_b,
          kennysheep_windowed_goal
D:6:      kennysheep_housing_project, layout_basic,
          nicolae_qazlal_eye_of_the_storm, uniq_eustachio
D:7:      layout_rooms, lemuel_mausoleum_altar_yredelemnul, temple_fountains
D:8:      layout_basic, cheibrodos_worm_habitat, minivault_21, uniq_pikel
Temple:   regret_index_temple_sphere_string

Skill      XL: |  1  2  3  4  5  6  7  8  9 |
---------------+----------------------------+-----
Stealth        | 3 4 5 6 8 |  8.0
Conjurations   | 2 3 4 5 6 8 |  8.7
Poison Magic   | 1 2 |  2.0
Air Magic      | 1 |  1.0
Spellcasting   | 4 5 6 8 |  8.4
Short Blades   | 2 |  2.0
Earth Magic    | 1 |  1.1
Fighting       | |  0.9
Dodging        | |  2.2
Summonings     | |  1.0
Translocations | |  1.0
Invocations    | |  0.9

Action                   |  1- 3 |  4- 6 |  7- 9 | 10-12 || total
-------------------------+-------+-------+-------+-------++-------
Melee: Dagger            |    31 |    34 |    80 |       ||   145
       Constrict         |     9 |     8 |    36 |     1 ||    54
       Tentacles         |     6 |     7 |    31 |     1 ||    45
       Short sword       |       |       |    59 |     6 ||    65
 Cast: Magic Dart        |    77 |   139 |   269 |    33 ||   518
       Mephitic Cloud    |       |     5 |    28 |       ||    33
  Use: Potion            |       |     2 |     1 |     1 ||     4
       Scroll            |       |       |     9 |     1 ||    10
 Stab: Confused          |       |     2 |    11 |       ||    13
       Sleeping          |       |     1 |    12 |       ||    13
Armor: Skin              |     9 |    11 |    57 |     2 ||    79
Dodge: Dodged            |    48 |    51 |   141 |    15 ||   255
